Map: Automaton LE

Players

Scout - Winner!

  • Race: Zerg Zerg
  • League: Diamond
  • Spawn Location: 9:00

AlphaDogg

  • Race: Terran Terran
  • League: Diamond
  • Spawn Location: 3:00

VOD

Have the link to the VOD?

Description

Time

  • Played on: Feb. 2, 2019, 4:22 a.m.
  • Length: 21:54
Show
View Real Time Build Order
Export as new Build Order

Scout Zerg - Winner!

Build Orders: Hatch First, Roach Hydra 

Get SALT Encoding   

  12  0:01  Drone  
  13  0:13  Overlord  
  13  0:18  Drone  
  14  0:31  Drone x2  
  14  0:35  Drone  
  17  0:55  Hatchery  
  16  0:59  Drone  
  16  1:02  Extractor  
  16  1:04  Drone  
  17  1:18  Spawning Pool  
  16  1:26  Drone x2  
  16  1:29  Drone  
  19  1:39  Overlord  
  19  1:49  Drone  
  20  2:04  Drone  
  21  2:09  Queen x2  
  21  2:13  Zergling x4  
  27  2:17  Metabolic Boost  
  27  2:32  Overlord  
  27  2:33  Drone x2  
  29  2:40  Drone x2  
  31  3:02  Overlord  
  31  3:06  Drone  
  31  3:08  Drone  
  31  3:09  Drone  
  31  3:11  Hatchery  
  33  3:17  Queen  
  35  3:25  Queen  
  37  3:29  Drone  
  37  3:31  Drone  
  37  3:32  Drone  
  40  3:40  Drone x3  
  43  3:46  Drone x3  
  46  3:53  Drone x3  
  49  3:59  Drone  
  50  4:02  Lair  
  50  4:17  Extractor, Roach Warren  
  50  4:19  Evolution Chamber, Spore Crawler, Extractor  
  50  4:20  Evolution Chamber  
  50  4:21  Spore Crawler  
  43  4:27  Drone x4  
  43  4:29  Drone  
  48  4:36  Drone x4  
  52  4:44  Drone x3  
  55  4:50  Zerg Missile Weapons Level 1  
  55  4:52  Zerg Ground Armor Level 1  
  53  5:05  Roach  
  53  5:06  Roach  
  55  5:16  Roach x3  
  57  5:27  Overlord x3  
  57  5:31  Queen  
  58  5:45  Queen  
  60  5:51  Hydralisk Den  
  60  5:53  Drone x3  
  60  5:55  Spawning Pool  
  59  5:59  Drone x2  
  61  6:07  Drone x3  
  63  6:21  Roach x5  
  72  6:30  Drone x2, Hydralisk  
  76  6:34  Drone x3  
  79  6:40  Glial Reconstitution  
  79  6:41  Extractor  
  79  6:43  Muscular Augments  
  78  6:47  Drone x2  
  80  6:59  Drone x2  
  80  7:00  Overlord x3  
  82  7:14  Zerg Missile Weapons Level 2  
  82  7:15  Zerg Ground Armor Level 2  
  82  7:16  Overlord x2  
  82  7:23  Hydralisk  
  82  7:24  Roach x2, Hydralisk  
  90  7:32  Drone x2  
  90  7:33  Drone x3  
  95  7:40  Drone, Extractor  
  95  7:41  Roach  
  97  7:45  Extractor  
  97  7:46  Spore Crawler, Overseer  
  95  7:53  Overlord  
  95  7:54  Roach, Grooved Spines, Hydralisk x2  
  95  7:55  Drone, Roach  
  95  7:57  Hydralisk  
  106  8:03  Hydralisk  
  106  8:04  Roach, Hydralisk  
  112  8:08  Drone x3  
  112  8:10  Drone x2  
  117  8:17  Drone  
  117  8:18  Drone, Spire  
  118  8:23  Spore Crawler, Hydralisk  
  118  8:25  Roach  
  121  8:31  Roach, Hydralisk  
  121  8:34  Hydralisk  
  127  8:44  Hydralisk  
  127  8:45  Overlord x2  
  129  8:59  Spore Crawler x2, Pneumatized Carapace  
  129  9:01  Overlord, Hydralisk  
  129  9:02  Overlord x3  
  129  9:03  Hydralisk  
  129  9:04  Drone, Hydralisk  
  129  9:05  Roach  
  129  9:08  Ravager x2  
  138  9:10  Hydralisk  
  140  9:19  Hydralisk  
  140  9:21  Hydralisk  
  140  9:24  Roach  
  146  9:25  Roach  
  146  9:28  Roach  
  146  9:30  Hydralisk  
  152  9:31  Hatchery  
  152  9:32  Roach  
  152  9:35  Hydralisk  
  152  9:36  Roach  
  157  9:41  Roach, Hydralisk  
  157  9:42  Roach  
  141  9:50  Overlord, Roach, Hydralisk  
  143  9:53  Hydralisk  
  145  10:02  Drone x4  
  145  10:04  Infestation Pit  
  148  10:11  Hydralisk  
  150  10:15  Hydralisk  
  150  10:16  Roach  
  150  10:17  Hatchery  
  150  10:20  Overseer  
  153  10:21  Hydralisk  
  153  10:22  Roach  
  157  10:34  Hydralisk x2  
  157  10:35  Roach x2  
  165  10:37  Hydralisk  
  165  10:38  Roach, Hydralisk  
  171  10:50  Nydus Network  
  171  10:56  Drone x7  
  177  11:02  Hydralisk x2  
  177  11:03  Roach x2  
  185  11:06  Drone x2  
  185  11:09  Hydralisk  
  189  11:11  Hydralisk  
  191  11:30  Overlord, Roach, Hydralisk x2  
  197  11:49  Hydralisk  
  199  11:54  Extractor  
  199  11:57  Extractor  
  197  12:04  Nydus Canal  
  197  12:24  Hydralisk, Overseer  
  197  12:25  Hydralisk  
  197  12:28  Roach, Hydralisk x2  
  197  12:29  Overlord, Drone, Hydralisk  
  198  12:30  Hydralisk x2  
  198  12:31  Roach  
  198  12:32  Roach, Hydralisk  
  198  12:33  Hydralisk  
  198  12:34  Roach  
  198  12:35  Roach  
  198  12:37  Drone, Roach  
  197  12:38  Overlord, Hydralisk x2  
  197  12:39  Roach x2  
  197  12:41  Roach x2, Hydralisk x3  
  197  12:42  Roach  
  145  12:50  Roach, Hydralisk x2  
  139  12:54  Hydralisk  
  139  12:55  Roach  
  137  13:06  Hive, Hydralisk x2  
  137  13:07  Roach x3, Hydralisk x2  
  137  13:10  Overseer x2  
  151  13:13  Hydralisk  
  151  13:14  Roach, Hydralisk  
  151  13:18  Hydralisk  
  151  13:19  Roach  
  161  13:22  Hydralisk  
  161  13:25  Roach  
  161  13:26  Roach  
  169  13:27  Roach  
  169  13:28  Roach  
  169  13:31  Roach x2  
  175  13:47  Hydralisk x2  
  175  13:48  Overlord x2, Roach x3, Hydralisk x2  
  185  13:49  Overlord  
  185  13:50  Roach  
  185  13:51  Roach  
  185  13:52  Roach  
  185  13:54  Roach  
  197  13:57  Hydralisk  
  199  14:15  Drone  
  200  14:29  Nydus Canal  
  200  14:38  Overlord  
  200  14:40  Overlord x2  
  200  14:49  Hydralisk  
  200  14:50  Roach x2, Hydralisk x2  
  200  14:51  Roach  
  200  14:52  Hydralisk x3  
  174  14:53  Roach x3, Hydralisk  
  174  14:54  Roach, Hydralisk x2  
  174  14:55  Roach x2, Hydralisk  
  174  14:56  Roach, Hydralisk  
  154  15:02  Hydralisk x2  
  154  15:03  Roach x3, Hydralisk  
  154  15:04  Drone  
  139  15:09  Roach, Hydralisk  
  141  15:16  Queen  
  141  15:20  Zerg Missile Weapons Level 3  
  143  15:21  Zerg Ground Armor Level 3  
  143  15:23  Hydralisk  
  143  15:24  Roach x3, Hydralisk x2  
  143  15:26  Roach  
  157  15:29  Hydralisk  
  157  15:30  Roach  
  157  15:32  Extractor  
  157  15:35  Hydralisk  
  160  15:45  Hydralisk, Overseer x3  
  160  15:46  Roach x2  
  160  15:47  Roach  
  160  15:49  Hydralisk  
  170  15:56  Roach, Hydralisk  
  173  15:58  Hydralisk  
  173  16:02  Roach  
  177  16:08  Hydralisk  
  177  16:09  Overlord  
  179  16:14  Viper  
  179  16:15  Viper  
  185  16:29  Roach  
  187  16:32  Burrow  
  187  16:36  Hatchery, Hydralisk  
  188  16:41  Hydralisk  
  188  16:42  Roach  
  188  16:45  Roach  
  194  16:50  Hydralisk  
  194  16:51  Roach  
  190  16:59  Hydralisk  
  190  17:00  Roach  
  190  17:03  Hydralisk  
  190  17:08  Hydralisk  
  192  17:09  Roach  
  192  17:12  Roach  
  190  17:16  Roach  
  190  17:21  Overlord  
  190  17:26  Hydralisk  
  190  17:28  Roach  
  106  17:31  Roach  
  104  17:38  Overlord, Roach  
  104  17:45  Hydralisk  
  104  17:50  Roach, Hydralisk  
  110  17:57  Hydralisk x2  
  114  18:06  Roach, Hydralisk x2  
  120  18:18  Hydralisk  
  120  18:19  Roach  
  124  18:24  Hydralisk x3  
  124  18:25  Roach x2, Hydralisk  
  124  18:26  Roach  
  138  18:27  Hydralisk  
  140  18:38  Roach, Hydralisk  
  140  18:40  Overseer  
  140  18:41  Overseer  
  144  18:46  Hatchery  
  137  18:59  Hydralisk x2  
  137  19:00  Roach  
  143  19:03  Mutalisk, Hydralisk x3  
  143  19:04  Roach x3  
  143  19:07  Hydralisk  
  143  19:08  Roach  
  159  19:10  Hydralisk  
  159  19:12  Hydralisk  
  159  19:16  Hydralisk  
  163  19:17  Hydralisk  
  163  19:20  Hydralisk  
  163  19:22  Hydralisk  
  173  19:24  Roach  
  173  19:26  Roach  
  175  19:31  Hydralisk  
  175  19:32  Overlord, Roach  
  175  19:38  Roach, Hydralisk  
  183  19:39  Hydralisk  
  183  19:43  Hydralisk  
  183  19:45  Viper  
  185  19:52  Hydralisk x2  
  190  19:57  Overlord, Hydralisk  
  192  20:01  Hydralisk  
  192  20:02  Roach  
  196  20:09  Hydralisk x2  
  196  20:10  Roach  
  198  20:17  Overlord x2, Hydralisk  
  198  20:19  Roach  
  192  20:27  Hydralisk  
  192  20:28  Roach, Hydralisk  
  198  20:29  Roach  
  138  20:58  Roach, Hydralisk  
  138  20:59  Drone  
  138  21:01  Hydralisk x2  
  138  21:02  Roach x2, Hydralisk  
  138  21:03  Hydralisk  
  138  21:04  Roach  
  155  21:09  Hydralisk  
  155  21:10  Roach  
  157  21:15  Drone x2  
  159  21:19  Roach  
  159  21:23  Hydralisk  
  163  21:31  Roach  
Show
View Real Time Build Order
Export as new Build Order

AlphaDogg Terran 

Build Orders: 1/1/1, Hellion Opening 

Get SALT Encoding   

  12  0:01  SCV  
  13  0:13  SCV  
  14  0:18  Supply Depot  
  14  0:25  SCV  
  15  0:29  Refinery  
  15  0:39  SCV  
  16  0:46  Barracks  
  16  0:52  SCV  
  17  1:04  SCV  
  18  1:16  SCV  
  19  1:29  SCV  
  20  1:36  Factory  
  20  1:41  Orbital Command  
  20  1:43  Supply Depot  
  20  1:44  Marine  
  21  1:52  Refinery  
  21  2:02  Marine  
  21  2:07  SCV  
  23  2:19  SCV  
  23  2:21  Factory Reactor  
  24  2:25  Starport  
  24  2:35  SCV, Marine  
  26  2:52  SCV  
  26  2:56  Armory  
  27  2:59  Hellion x2  
  27  3:03  Supply Depot  
  30  3:11  Marine  
  31  3:13  Medivac  
  31  3:16  SCV  
  34  3:24  Hellion x2  
  38  3:28  SCV  
  39  3:40  SCV  
  40  3:45  Hellion x2  
  44  3:50  Medivac  
  44  3:53  SCV  
  47  3:59  Terran Vehicle Weapons Level 1  
  47  4:21  Supply Depot  
  47  4:43  Hellion x2, SCV  
  52  5:30  Widow Mine  
  52  5:34  Starport Tech Lab  
  54  5:35  Factory  
  54  5:36  Widow Mine  
  54  5:42  Bunker  
  52  6:01  Marine  
  51  6:18  Banshee  
  54  6:19  Marine  
  54  6:21  Factory Tech Lab  
  55  6:45  Supply Depot, Terran Vehicle Weapons Level 2  
  55  6:47  Supply Depot  
  55  6:48  Supply Depot, Widow Mine x2, Cloaking Field, Siege Tank  
  55  6:50  Supply Depot  
  62  7:00  Command Center  
  62  7:07  SCV, Banshee, Command Center  
  66  7:19  SCV  
  67  7:31  SCV  
  68  7:38  Hellion x2  
  68  7:43  SCV  
  73  7:54  Siege Tank  
  73  7:55  SCV  
  77  8:00  Banshee  
  80  8:06  Supply Depot  
  80  8:07  Supply Depot, SCV  
  80  8:09  Factory  
  80  8:12  Marine  
  81  8:19  SCV  
  83  8:21  Orbital Command  
  83  8:27  Refinery  
  83  8:31  SCV  
  83  8:32  SCV  
  85  8:42  Siege Tank  
  85  8:43  SCV  
  85  8:44  SCV  
  85  8:48  SCV  
  91  8:56  SCV  
  91  9:00  Refinery, Orbital Command  
  92  9:08  Banshee  
  95  9:12  Terran Vehicle And Ship Armor Level 1  
  95  9:13  SCV  
  95  9:14  Siege Tank  
  99  9:17  SCV  
  100  9:24  Factory Tech Lab  
  100  9:25  SCV  
  100  9:29  SCV  
  100  9:30  Ghost Academy  
  100  9:31  SCV  
  103  9:36  Supply Depot  
  103  9:38  SCV  
  104  9:41  SCV  
  99  9:56  Infernal Pre-Igniter  
  99  9:58  Siege Tank  
  102  10:00  Personal Cloaking  
  102  10:06  Banshee  
  105  10:12  Hyperflight Rotors  
  105  10:14  SCV x3  
  108  10:26  SCV x2  
  110  10:52  Hellion x4  
  110  10:55  Barracks Tech Lab  
  110  10:56  SCV x3  
  121  10:58  Banshee  
  124  11:06  Terran Vehicle Weapons Level 3  
  124  11:08  Supply Depot x2, SCV x3  
  124  11:10  Supply Depot  
  127  11:14  Hellion x2  
  131  11:19  Thor  
  131  11:20  SCV  
  131  11:21  Siege Tank  
  131  11:23  SCV x2  
  143  11:29  Ghost  
  146  11:32  SCV  
  146  11:35  SCV  
  146  11:38  Nuke  
  150  12:09  Thor  
  150  12:15  Supply Depot  
  135  12:30  Supply Depot  
  135  12:32  Supply Depot  
  99  13:05  Hellion x3  
  105  13:06  Hellion  
  105  13:07  Starport Reactor  
  105  13:09  Starport Tech Lab  
  107  13:27  Hellion x4  
  113  13:30  Command Center  
  115  13:36  Engineering Bay  
  115  13:47  Banshee  
  115  13:48  Hellion x4, Terran Vehicle And Ship Armor Level 2  
  125  14:16  Widow Mine x4  
  133  14:17  Drilling Claws  
  133  14:22  Sensor Tower  
  133  14:23  Nuke  
  133  14:40  Supply Depot  
  133  14:42  Supply Depot  
  133  14:44  Supply Depot  
  133  14:50  SCV x2, Ghost  
  133  14:51  Widow Mine, SCV  
  133  14:52  Widow Mine x2  
  102  15:02  SCV  
  92  15:13  Viking, Orbital Command  
  94  15:18  Siege Tank x2  
  94  15:19  Hellion, Ghost  
  94  15:20  Hellion  
  106  15:47  Ghost  
  108  15:50  Siege Tank  
  111  16:21  SCV x2  
  111  16:22  SCV  
  114  16:33  Sensor Tower, SCV  
  114  16:34  Hellion x2, SCV x2  
  114  16:35  Hellion x2  
  114  16:39  Banshee  
  128  16:46  SCV  
  129  16:49  Refinery  
  129  16:52  Refinery  
  129  16:56  Hellion  
  77  17:36  Hellion  
  77  17:37  Hellion x3  
  85  17:53  Command Center x2  
  85  17:58  Hellion x4  
  93  18:10  Nuke  
  93  18:14  Supply Depot  
  93  18:15  Supply Depot  
  93  18:35  Banshee, Ghost  
  94  19:03  Liberator, Ghost  
  94  19:18  Siege Tank x2  
  94  19:19  Hellion x2  
  107  19:40  Hellion  
  107  19:41  Hellion  
  111  19:46  Liberator  
  111  19:50  Siege Tank x2  
  111  19:51  Nuke  
  117  20:03  Planetary Fortress  
  59  21:10  Hellion  
  59  21:11  Hellion x3  
  61  21:15  Planetary Fortress  
  60  21:32  Hellion x4  
Tags
 
Add a new tag
Caveats
  • Supply blocks, unpowered buildings, or Contaminate may cause inaccurate times.
  • Supply counts are checked every 10 seconds.